 Dungeon Crawl Stone Soup version 0.19-a0-95-g96be53b (webtiles) character file.

60958 AlphabetPasta the Eclecticist (level 14, -12/72 HPs)
             Began as a Deep Elf Conjurer on May 14, 2016.
             Was a High Priest of Vehumet.
             Killed from afar by a frost giant (28 damage)
             ... with a bolt of cold
             ... in an ice cave on May 15, 2016.
             The game lasted 02:46:02 (24711 turns).

AlphabetPasta the Eclecticist (Deep Elf Conjurer)  Turns: 24711, Time: 02:46:02

Health: -12/72     AC:  7    Str:  8    XL:     14   Next: 58%
Magic:  15/37      EV: 17    Int: 26    God:    Vehumet [*****.]
Gold:   1374       SH:  6    Dex: 15    Spells: 10 memorised, 13 levels left

rFire  + . .     SeeInvis .     Z - staff of energy
rCold  + . .     Gourm    .     a - +0 robe
rNeg   . . .     Faith    .     v - +1 buckler
rPois  +         Spirit   .     t - +0 helmet
rElec  +         Dismiss  +     l - +0 cloak
rCorr  +         Reflect  .     E - +0 pair of gloves
SustAt .         Harm     .     h - +1 pair of boots
MR     ++...                    n - amulet "Hivisuhebb" {Dismiss *Contam rPois MR+}
Stlth  ++........               u - ring of wizardry
                                y - +3 ring of strength

@: resistant, very resistant to hostile enchantments, unstealthy
A: no striking features
a: Renounce Religion


You were in an ice cave.
You worshipped Vehumet.
Vehumet was extremely pleased with you.
You were not hungry.

You visited 4 branches of the dungeon, and saw 19 of its levels.
You also visited: Ice Cave.

You collected 1374 gold pieces.

Inventory:

Armour
 a - a +0 robe (worn)
 h - a +1 pair of boots (worn)
 l - a +0 cloak (worn)
 t - a +0 helmet (worn)
 v - a +1 buckler (worn)
 A - a +0 pair of gloves
 E - a +0 pair of gloves (worn)
Magical Staves
 G - an uncursed staff of death
 Z - an uncursed staff of energy (weapon)
Jewellery
 n - the amulet "Hivisuhebb" (around neck) {Dismiss *Contam rPois MR+}
   (You found it on level 4 of the Dungeon)

   [amulet of dismissal]

   It may teleport away creatures that harm you.
   It protects you from poison.
   It affects your resistance to hostile enchantments.
   It causes magical contamination when unequipped.
 u - a ring of wizardry (right hand)
 y - a +3 ring of strength (left hand)
Wands
 b - a wand of lightning (6/15)
 k - a wand of digging (10/24)
 B - a wand of polymorph (11/24)
 C - a wand of confusion (38/48)
 H - a wand of lightning (7/15)
 K - a wand of lightning (10/15)
 R - a wand of slowing (20/48)
Scrolls
 e - 3 scrolls of magic mapping
 f - 5 scrolls of remove curse
 m - a scroll of blinking
 q - 2 scrolls of enchant weapon
 s - 2 scrolls of fear
 x - a scroll of vulnerability {unknown}
 D - a scroll of teleportation
 J - 2 scrolls of fog
 P - 5 scrolls of recharging
Potions
 g - 5 potions of curing
 p - 3 potions of flight
 r - 4 potions of agility
 w - 3 potions of brilliance
 z - a potion of resistance
 O - 4 potions of might
Books
 o - a book of Annihilations

   Spells                             Type                      Level
   a - Poison Arrow                   Conjuration/Poison           6
   b - Chain Lightning                Conjuration/Air              8
   c - Lehudib's Crystal Spear        Conjuration/Earth            8
   d - Glaciate                       Conjuration/Ice              9
   e - Fire Storm                     Conjuration/Fire             9
 F - a book of the Sky

   Spells                             Type                      Level
   a - Summon Lightning Spire         Summoning/Air                4
   b - Airstrike                      Air                          4
   c - Silence                        Hexes/Air                    5
   d - Deflect Missiles               Charms/Air                   6
   e - Conjure Ball Lightning         Conjuration/Air              6
   f - Tornado                        Air                          9
Comestibles
 c - 11 bread rations
 d - 14 meat rations
 i - 8 beef jerkies
 j - 6 chunks of flesh
 I - 4 fruits
 U - 3 royal jellies


   Skills:
 - Level 2.0 Fighting
 - Level 3.1 Staves
 + Level 8.5 Dodging
 - Level 2.4 Stealth
 - Level 4.0 Shields
 * Level 17.5 Spellcasting
 * Level 16.0 Conjurations
 + Level 1.9 Fire Magic
 + Level 8.8 Ice Magic
 + Level 4.0 Air Magic
 + Level 8.8 Earth Magic
 - Level 5.1 Evocations


You had 13 spell levels left.
You knew the following spells:

 Your Spells              Type           Power        Failure   Level  Hunger
a - Magic Dart            Conj           ####         0%          1    None
b - Searing Ray           Conj           ######       0%          2    None
c - Dazzling Spray        Conj/Hex       ######       1%          3    None
d - Iskenderun's Mystic   Conj           #######.     1%          4    None
e - Freeze                Ice            ####         1%          1    None
f - Stone Arrow           Conj/Erth      ######       1%          3    None
g - Bolt of Cold          Conj/Ice       ######....   1%          6    None
h - Freezing Cloud        Conj/Ice/Air   ######....   1%          6    None
i - Airstrike             Air            #####.....   1%          4    None
j - Bolt of Magma         Conj/Fire/Erth ######....   1%          5    None


Dungeon Overview and Level Annotations

Branches:
Dungeon (10/15)            Temple (1/1) D:6            Lair (7/8) D:9
  Swamp (0/4) Lair:5        Snake (0/4) Lair:4        Slime (0/6) Lair:7
    Orc (1/2) D:9

Altars:
Ashenzari
Cheibriados
Dithmenos
Elyvilon
Fedhas
Gozag
Kikubaaqudgha
Makhleb
Nemelex Xobeh
Okawaru
Pakellas
Qazlal
Ru
Sif Muna
Trog
Vehumet
Xom
Yredelemnul
Zin
The Shining One

Shops:
D:4 (   D:10 %


Message History

You feel your power returning.
Things that are here:
a yak corpse; a polar bear corpse Unknown command.
Casting: Stone Arrow
Confirm with . or Enter, or press ? or * to list all spells.
Aiming: Bolt of Magma
Press: ? - help, Shift-Dir - straight line, f - frost giant
Aim: a frost giant, wielding a battleaxe of freezing The bolt of magma hits the frost giant.
The frost giant is lightly wounded.
The frost giant points at you and mumbles some strange words.
The bolt of cold hits you!
* * * LOW HITPOINT WARNING * * *
You hear a bellow!
Drink which item? (? for menu, Esc to quit)
You feel protected.
The frost giant points at you and mumbles some strange words.
The bolt of cold hits you! You resist.
You die...

#..### ##.....## .###
##...#### ## ####...##
#######....###
####....#...###
##...##....### ###
#.÷######### ######.##
##...### ##...#C#.###
##....## #.⌠.@†###Y.#
##....#####.#.###Y.###
###.....#####..##..h#
##.....####..###Y.Y#
###....#...##


YCh.# ####...### ...## ##### .### .$ #| You could see a frost giant.

Vanquished Creatures
  Rupert (Lair:5)
  A naga warrior (Lair:4)
  7 hydras
  A catoblepas (Lair:5)
  19 death yaks
  3 hill giants
  An oklob plant (Lair:6)
  A griffon (Lair:5)
  8 black mambas
  9 elephants (Lair:7)
  Maurice (D:10)
  An ice statue (IceCv)
  8 spiny frogs
  2 torpor snails
  4 komodo dragons
  3 rime drakes
  2 trolls
  14 polar bears (IceCv)
  A queen bee (Lair:3)
  13 blink frogs
  44 yaks
  3 wyverns
  Eustachio (D:6)
  10 hippogriffs
  A steam dragon (D:9)
  2 basilisks (Lair:5)
  5 nagas (Lair:4)
  2 hell hounds (D:9)
  23 water moccasins
  6 orc warriors
  6 porcupines
  5 ice beasts
  A wasp (D:7)
  A sky beast (D:6)
  An eye of draining (D:9)
  25 wolves
  6 ogres
  3 phantoms
  4 centaurs
  8 crocodiles
  A big kobold (D:9)
  9 giant frogs
  Blork the orc (D:4)
  A scorpion (Lair:2)
  31 killer bees
  A howler monkey (D:8)
  6 electric eels
  2 crimson imps (D:6)
  A giant frog zombie (D:10)
  A quasit (D:7)
  3 centaur zombies
  7 hounds
  9 orc priests
  4 jellies
  A gnoll shaman (D:9)
  15 orc wizards
  A centaur skeleton (D:9)
  A giant frog skeleton (D:8)
  Jessica (D:2)
  8 iguanas
  Ijyb (D:2)
  Terence (D:2)
  7 worker ants
  22 sheep
  A howler monkey zombie (D:9)
  Robin (D:2)
  18 adders
  8 gnolls
  11 river rats
  4 oozes
  An adder skeleton (D:6)
  4 adder zombies
  2 worms
  A dart slug (D:2)
  5 giant geckos
  44 orcs
  9 bats
  4 giant cockroaches
  12 goblins
  10 hobgoblins
  6 jackals
  10 kobolds
  9 quokkas
  6 giant newts
  A quokka skeleton (D:10)
  8 rats
  A plant (Lair:1)
568 creatures vanquished.

Vanquished Creatures (others)
  An elephant (Lair:7)
  21 fungi
  14 plants
36 creatures vanquished.

Grand Total: 604 creatures vanquished

Notes
Turn   | Place    | Note
--------------------------------------------------------------
     0 | D:1      | AlphabetPasta the Deep Elf Conjurer began the quest for the Orb.
     0 | D:1      | Reached XP level 1. HP: 10/10 MP: 6/6
   554 | D:2      | Noticed Jessica
   561 | D:2      | Noticed Ijyb
   606 | D:2      | Noticed Terence
   611 | D:1      | Reached XP level 2. HP: 14/15 MP: 4/8
   615 | D:1      | Learned a level 2 spell: Searing Ray
   896 | D:2      | Killed Jessica
   896 | D:2      | Reached skill level 4 in Spellcasting
   896 | D:2      | Reached skill level 5 in Conjurations
   896 | D:2      | Reached XP level 3. HP: 8/19 MP: 0/10
  1101 | D:2      | Killed Ijyb
  1101 | D:2      | Reached XP level 4. HP: 10/24 MP: 0/12
  1286 | D:2      | Learned a level 3 spell: Dazzling Spray
  1291 | D:2      | Learned a level 4 spell: Iskenderun's Mystic Blast
  1373 | D:2      | Killed Terence
  1579 | D:2      | Found a shattered altar of Ashenzari.
  1580 | D:2      | Found a burning altar of Makhleb.
  1664 | D:2      | Found a faded altar to an unknown god.
  1766 | D:2      | Noticed Robin
  1996 | D:2      | Reached XP level 5. HP: 28/28 MP: 11/14
  2000 | D:2      | Killed Robin
  2000 | D:2      | Reached skill level 5 in Spellcasting
  2984 | D:3      | Reached XP level 6. HP: 32/32 MP: 12/16
  2992 | D:3      | Reached skill level 6 in Spellcasting
  3461 | D:4      | Noticed Blork the orc
  3464 | D:4      | Killed Blork the orc
  3464 | D:4      | Reached skill level 1 in Staves
  3552 | D:4      | Got a warped steel amulet
  3553 | D:4      | Identified the amulet "Hivisuhebb" {Dismiss *Contam rPois MR+} (You found it on level 4 of the Dungeon)
  3590 | D:4      | Reached XP level 7. HP: 16/36 MP: 6/19
  3592 | D:4      | Found Inept's Weapon Shop.
  3752 | D:4      | Learned a level 4 spell: Iskenderun's Mystic Blast
  3823 | D:5      | Entered Level 5 of the Dungeon
  3922 | D:5      | Reached skill level 7 in Spellcasting
  4442 | D:5      | Noticed a troll
  4474 | D:5      | Reached skill level 8 in Spellcasting
  4565 | D:5      | HP: 1/36 [troll (8)]
  4586 | D:5      | Killed a troll
  4586 | D:5      | Reached XP level 8. HP: 4/41 MP: 1/22
  5088 | D:5      | Reached skill level 9 in Spellcasting
  5308 | D:6      | Reached skill level 1 in Shields
  5611 | D:6      | Noticed Eustachio
  5633 | D:6      | Killed Eustachio
  5830 | D:6      | Reached skill level 10 in Spellcasting
  6185 | D:6      | Found a staircase to the Ecumenical Temple.
  6194 | Temple   | Entered the Ecumenical Temple
  6306 | Temple   | Became a worshipper of Vehumet
  6401 | D:7      | Reached XP level 9. HP: 45/45 MP: 21/25
  7184 | D:7      | Reached skill level 11 in Spellcasting
  7184 | D:7      | Reached skill level 10 in Conjurations
  7264 | D:7      | Reached * piety under Vehumet
  7264 | D:7      | Offered knowledge of Sandblast by Vehumet.
  7325 | D:7      | Reached skill level 5 in Dodging
  7608 | D:8      | Noticed a hill giant
  7673 | D:8      | Killed a hill giant
  8323 | D:9      | Reached skill level 12 in Spellcasting
  8323 | D:9      | Reached XP level 10. HP: 50/50 MP: 21/28
  8651 | D:9      | Reached ** piety under Vehumet
  8784 | D:9      | Offered knowledge of Freeze by Vehumet.
  9425 | D:9      | Reached skill level 13 in Spellcasting
  9497 | D:9      | Learned a level 1 spell: Freeze
  9505 | D:9      | Found a staircase to the Lair.
  9750 | D:9      | Found a staircase to the Orcish Mines.
 10060 | D:9      | Offered knowledge of Stone Arrow by Vehumet.
 10060 | D:9      | Reached skill level 1 in Ice Magic
 10084 | D:9      | Learned a level 3 spell: Stone Arrow
 10482 | D:10     | Entered Level 10 of the Dungeon
 10615 | D:10     | Noticed a hill giant
 10619 | D:10     | Killed a hill giant
 10619 | D:10     | Reached *** piety under Vehumet
 10619 | D:10     | Reached skill level 1 in Earth Magic
 10708 | D:10     | Noticed Maurice
 10710 | D:10     | Killed Maurice
 10885 | D:10     | Noticed a hill giant
 10889 | D:10     | Killed a hill giant
 10889 | D:10     | Reached XP level 11. HP: 54/54 MP: 13/30
 11198 | D:10     | Got a smoking helmet
 11212 | D:10     | Identified the cursed +0 helmet of the Ant {-Cast +Inv Regen+ Str+2} (You found it on level 10 of the Dungeon)
 11301 | D:10     | Offered knowledge of Static Discharge by Vehumet.
 12005 | D:10     | Found Pyfem's Food Shoppe.
 12283 | Lair:1   | Entered Level 1 of the Lair of Beasts
 12515 | Lair:1   | Noticed a death yak
 12515 | Lair:1   | Noticed a death yak
 12644 | Lair:1   | Reached skill level 14 in Spellcasting
 13019 | Lair:1   | Noticed a death yak
 13032 | Lair:1   | Upgraded the game from 0.19-a0-82-gd3566c2 to 0.19-a0-95-g96be53b
 13050 | Lair:1   | You fall through a shaft!
 13305 | Lair:1   | Got a smoking amethyst amulet
 13790 | Lair:2   | Reached skill level 1 in Fighting
 13937 | Lair:2   | Identified the amulet of the Original Sin {Faith rPois rF+} (You found it on level 1 of the Lair of Beasts)
 14229 | Lair:3   | Reached **** piety under Vehumet
 14241 | Lair:3   | Learned a level 6 spell: Bolt of Cold
 14380 | Lair:3   | Noticed a six-headed hydra
 14386 | Lair:3   | Noticed a death yak
 15064 | Lair:3   | Reached skill level 5 in Ice Magic
 15268 | Lair:3   | Offered knowledge of Inner Flame by Vehumet.
 15397 | Lair:2   | Reached XP level 12. HP: 54/62 MP: 13/32
 15486 | Lair:3   | Killed a six-headed hydra
 15633 | Lair:3   | Reached skill level 5 in Earth Magic
 15861 | Lair:3   | Reached skill level 1 in Evocations
 15870 | Lair:3   | Killed a death yak
 16173 | Lair:3   | Noticed a seven-headed hydra
 16213 | Lair:3   | Killed a seven-headed hydra
 16213 | Lair:3   | Reached skill level 15 in Spellcasting
 16695 | Lair:4   | Noticed a six-headed hydra
 16698 | Lair:4   | Killed a six-headed hydra
 17025 | Lair:4   | Noticed a naga warrior
 17031 | Lair:4   | Killed a naga warrior
 17243 | Lair:4   | Found a staircase to the Snake Pit.
 17769 | Lair:5   | Noticed a catoblepas
 17776 | Lair:5   | Killed a catoblepas
 17816 | Lair:5   | Found a staircase to the Swamp.
 18010 | Lair:5   | Noticed Rupert
 18019 | Lair:5   | Killed Rupert
 18563 | Lair:5   | Noticed an eight-headed hydra
 18566 | Lair:5   | Killed an eight-headed hydra
 18566 | Lair:5   | Reached skill level 16 in Spellcasting
 18566 | Lair:5   | Reached XP level 13. HP: 66/66 MP: 16/35
 18876 | Lair:5   | Learned a level 6 spell: Freezing Cloud
 19908 | Lair:6   | Reached ***** piety under Vehumet
 19915 | Lair:6   | Offered knowledge of Olgreb's Toxic Radiance by Vehumet.
 20537 | Lair:7   | Reached skill level 5 in Evocations
 20693 | Lair:7   | HP: 1/66 [black mamba (17)]
 21012 | Lair:7   | Reached skill level 1 in Air Magic
 21200 | Lair:7   | Reached skill level 15 in Conjurations
 21361 | Lair:7   | Found a staircase to the Slime Pits.
 22597 | Lair:7   | Reached skill level 17 in Spellcasting
 22684 | Lair:7   | Reached XP level 14. HP: 63/72 MP: 23/37
 23605 | Orc:1    | Entered Level 1 of the Orcish Mines
 23720 | Orc:1    | Found a frozen archway.
 23737 | Orc:1    | Offered knowledge of Bolt of Magma by Vehumet.
 23789 | Orc:1    | Learned a level 4 spell: Airstrike
 23795 | Orc:1    | Learned a level 5 spell: Bolt of Magma
 23797 | IceCv    | Entered an ice cave
 24440 | IceCv    | Reached skill level 1 in Fire Magic
 24695 | IceCv    | Noticed a frost giant
 24711 | IceCv    | Killed from afar by a frost giant

Vault maps used:
D:1:      nicolae_arrival_washed_ashore, minmay_crystal_room
D:2:      grunt_temple_overflow_open, ecumenical_altar_1, uniq_robin,
          uniq_terence, uniq_iyjb, uniq_jessica
D:4:      serial_shops, shop_coins, first_bread, hangedman_decor_peaks_small,
          uniq_blork_the_orc
D:6:      temple_hall, uniq_eustachio
D:7:      grunt_ogre_cave
D:9:      minmay_lair_entry_lava, orc_0_dummy
D:10:     serial_shops, shop, uniq_maurice
Temple:   kilobyte_greek_temple_18
Lair:1:   infiniplex_staircase_pool_2, serial_bayou_shore_a
Lair:2:   serial_bayou_lagoon_b, serial_bayou_shore_b
Lair:3:   special_room
Lair:4:   minmay_snake_entry_guardpost_large, lemuel_fruit_fields
Lair:5:   swamp_mist_pool, uniq_rupert
Lair:6:   beast_lair_carwin_1, grunt_megastairs_3
Lair:7:   nicolae_slime_entry_slimehenge, serial_bayou, serial_bayou_pond_d,
          serial_bayou_pond_d, serial_bayou_pond_b, serial_bayou_pond_c,
          serial_bayou_pond_d, serial_bayou_shore_b, serial_bayou_pond_a
Orc:1:    portal_ice_cave_entry_pillars_02
IceCv:    ice_cave_caverns_01

Skill      XL: |  1  2  3  4  5  6  7  8  9 10 11 12 13 14 |
---------------+-------------------------------------------+-----
Spellcasting   | 4 5 6 8 10 12 13 14 16 17 | 17.5
Conjurations   | 5 6 7 8 9 10 12 13 14 15 16 | 16.0
Dodging        | 3 5 6 7 8 |  8.5
Staves         | 1 3 |  3.1
Shields        | 2 3 4 |  4.0
Ice Magic      | 2 5 6 8 |  8.8
Earth Magic    | 2 4 6 8 |  8.8
Fighting       | 1 2 |  2.0
Evocations     | 4 5 |  5.1
Air Magic      | 2 4 |  4.0
Fire Magic     | 1 |  1.9
Stealth        | |  2.4

Action                   |  1- 3 |  4- 6 |  7- 9 | 10-12 | 13-15 || total
-------------------------+-------+-------+-------+-------+-------++-------
Melee: Unarmed           |    10 |       |       |     4 |       ||    14
       Quarterstaff      |       |       |     1 |     8 |       ||     9
       Staff             |       |       |       |       |     2 ||     2
 Cast: Magic Dart        |    21 |   114 |   196 |   154 |    52 ||   537
       Searing Ray       |     5 |    19 |    46 |    57 |       ||   127
       Iskenderun's Myst |       |       |    23 |   143 |    48 ||   214
       Dazzling Spray    |       |       |       |     8 |     1 ||     9
       Stone Arrow       |       |       |       |   134 |   205 ||   339
       Freeze            |       |       |       |    37 |    11 ||    48
       Bolt of Cold      |       |       |       |    17 |    78 ||    95
       Freezing Cloud    |       |       |       |       |     7 ||     7
       Bolt of Magma     |       |       |       |       |    40 ||    40
       Airstrike         |       |       |       |       |     2 ||     2
Evoke: Wand              |       |       |       |     9 |     5 ||    14
       Staff of energy   |       |       |       |       |   219 ||   219
  Use: Scroll            |       |     9 |    12 |     7 |     4 ||    32
       Potion            |       |       |     1 |     6 |     2 ||     9
 Stab: Confused          |       |       |       |     1 |       ||     1
  Eat: Chunk             |       |     8 |    13 |    17 |    20 ||    58
       Royal jelly       |       |       |     1 |     3 |     2 ||     6
       Fruit             |       |       |       |    10 |     5 ||    15
       Pizza             |       |       |       |     1 |     1 ||     2
Armor: Robe              |     6 |     6 |    16 |    24 |    10 ||    62
Dodge: Dodged            |    19 |    17 |    33 |   122 |    66 ||   257
Block: Buckler           |       |       |       |    34 |    29 ||    63
